 Dungeon Crawl Stone Soup version 0.25-a0-474-ga8a2ee3166 (webtiles) character file.

Game seed: 6379164742169945656, levelgen mode: deterministic

183 Eurus the Magician (level 5, 0/39 HPs)
             Began as a Mummy Conjurer on Feb 7, 2020.
             Killed by divine providence
             ... invoked by an orc priest
              (12 damage)
             ... on level 3 of the Dungeon.
             The game lasted 00:06:01 (2697 turns).

Eurus the Magician (Mummy Conjurer)                 Turns: 2697, Time: 00:06:02

Health: 0/39       AC:  2    Str: 11    XL:     5   Next: 35%
Magic:  2/11       EV: 12    Int: 15    God:
Gold:   109        SH:  0    Dex: 13    Spells: 9/12 levels left

rFire    x . .     SeeInvis .   c - +0 dagger
rCold    + . .     Gourm    .   (no shield)
rNeg     + + +     Faith    .   a - +0 robe
rPois    ∞         Spirit   .   (no helmet)
rElec    .         Reflect  .   (no cloak)
rCorr    .         Harm     .   (no gloves)
MR       .....                  (no boots)
Stlth    ++........             (no amulet)
HPRegen  0.13/turn              (no ring)
MPRegen  0.12/turn              (no ring)

@: no status effects
A: no food or potions, fire vulnerability, cold resistance 1, negative energy
resistance 3, torment resistance, unbreathing
a: no special abilities


You were on level 3 of the Dungeon.
You were not hungry.

You visited 1 branch of the dungeon, and saw 3 of its levels.

You collected 109 gold pieces.

Inventory:

Hand Weapons
 c - a +0 dagger (weapon)
Armour
 a - a +0 robe (worn)
 b - a cursed +0 leather armour
Jewellery
 k - an uncursed amulet of rage {unknown}
Scrolls
 d - 2 scrolls of enchant weapon {unknown}
 e - a scroll of magic mapping {unknown}
 f - 4 scrolls of identify {unknown}
 g - 2 scrolls of remove curse {unknown}
 h - 2 scrolls of blinking {unknown}
 i - 2 scrolls of fear {unknown}
 j - 3 scrolls of amnesia {unknown}


   Skills:
 + Level 2.7 Fighting
 - Level 1.5 Dodging
 - Level 1.5 Stealth
 + Level 4.4 Spellcasting
 + Level 4.2 Conjurations


You had 9 spell levels left.
You knew the following spells:

 Your Spells              Type           Power        Failure   Level  Hunger
a - Magic Dart            Conj           ###.         3%          1    N/A
b - Searing Ray           Conj           ###...       4%          2    N/A

Your spell library contained the following spells:

 Spells                   Type           Power        Failure   Level  Hunger
 Dazzling Flash           Conj/Hex       #.....       22%         3    N/A
 Fulminant Prism          Conj/Hex       #.........   58%         4    N/A
 Iskenderun's Mystic Bla  Conj/Tloc      #.......     58%         4    N/A

Dungeon Overview and Level Annotations

Branches:
Dungeon (3/15)

Altars:
Cheibriados
Okawaru
Sif Muna


Innate Abilities, Weirdness & Mutations

You do not eat or drink.
Your flesh is vulnerable to fire.
You are immune to poison.
Your flesh is cold resistant. (rC+)
You are immune to negative energy. (rN+++)
You are immune to unholy pain and torment.
You can survive without breathing.


Message History

The orc priest barely misses you.
Casting: Searing Ray (safe; 4% risk of failure)
Confirm with . or Enter, or press ? or * to list all spells.
Aiming: Magic Dart (safe; 3% risk of failure)
Press: ? - help, Shift-Dir - straight line, f/p - orc priest
Aim: an orc priest, wearing a cursed +0 chain mail (lightly wounded)
The magic dart hits the orc priest.
The orc priest is moderately wounded.
The orc priest looks braver for a moment.
Casting: Magic Dart (safe; 3% risk of failure)
Confirm with . or Enter, or press ? or * to list all spells.
You don't have enough magic to cast that spell.
Unknown command.
The orc priest casts a cantrip, but nothing happens.
The orc priest miscasts a cantrip.
There is an open door here.
There is a stone staircase leading up here.
The orc priest calls down the wrath of Beogh upon you.
Beogh smites you!
You die...

############ #..........#
#.########.# #.# #.# #.#
#.# ######.########.# #####
#()......@......# #...#
##.##........###.###...####
.. +........+.....'......%
##.##..$..o..#.#####...#.##
.............#.# #####.#
.###.##........#.# #.#
....##..........# #.#
#..##..........# #.#
#........[.....# #.#


You could see an orc priest.

Vanquished Creatures
  Natasha (thrice) (D:2)
  5 adders (D:2)
  2 dart slugs (D:1)
  3 leopard geckos
  4 orcs (D:3)
  3 goblins
  9 hobgoblins
  2 jackals (D:2)
  A quokka (D:3)
  9 bats
  7 kobolds
  7 rats
55 creatures vanquished.

Notes
Turn   | Place    | Note
-------+----------+-------------------------------------------
     0 | D:1      | Eurus the Mummy Conjurer began the quest for the Orb.
     0 | D:1      | Reached XP level 1. HP: 13/13 MP: 4/4
   370 | D:1      | Reached XP level 2. HP: 16/20 MP: 0/6
   517 | D:1      | Reached skill level 1 in Fighting
   550 | D:1      | You fall into a shaft and drop 1 floor!
   614 | D:2      | Learned a level 2 spell: Searing Ray
   669 | D:2      | Reached XP level 3. HP: 26/26 MP: 0/7
   788 | D:2      | Found an iron altar of Okawaru.
   795 | D:2      | Found a snail-covered altar of Cheibriados.
   800 | D:2      | Found a shimmering blue altar of Sif Muna.
   892 | D:2      | Noticed Natasha
   896 | D:2      | Killed Natasha
  1055 | D:1      | Reached XP level 4. HP: 33/33 MP: 5/9
  2086 | D:2      | Noticed Natasha
  2091 | D:2      | Killed Natasha
  2091 | D:2      | Reached XP level 5. HP: 33/39 MP: 6/11
  2371 | D:2      | Noticed Natasha
  2378 | D:2      | Killed Natasha
  2697 | D:3      | Killed from afar by an orc priest

Levels and vault maps discovered:
D:1:      dpeg_arrival_rhombus, layout_rooms, minmay_octomino_j4
D:2:      layout_basic, grunt_temple_overflow_diamond, uniq_natasha
D:3:      layout_basic, lemuel_doored_altar, uniq_jessica,
          uniq_crazy_yiuf_cottage

Skill      XL: |  1  2  3  4 |
---------------+-------------+-----
Spellcasting   | 3 4 |  4.4
Fighting       | 1 2 |  2.7
Conjurations   | 4 |  4.2
Dodging        | |  1.5
Stealth        | |  1.5

Action                   |  1- 3 |  4- 6 || total
-------------------------+-------+-------++-------
Melee: Unarmed           |    14 |       ||    14
       Dagger            |    11 |    12 ||    23
 Cast: Magic Dart        |    54 |    60 ||   114
       Searing Ray       |     2 |     5 ||     7
Armor: Robe              |     9 |     5 ||    14
Dodge: Dodged            |    39 |    10 ||    49

Table legend:
 A = Non-vault XP
 B = Vault XP
 C = Vault XP percentage of total XP
 D = Non-vault monster count
 E = Vault monster count
 F = Vault count percentage of total count
                 A         B        C        D         E       F
            +---------+---------+-------+---------+---------+-------
      Total |     220 |      42 |  16.0 |      50 |       5 |   9.1
            +---------+---------+-------+---------+---------+-------
        D:1 |      46 |       7 |  13.2 |      25 |       4 |  13.8
        D:2 |     154 |      35 |  18.5 |      17 |       1 |   5.6
        D:3 |      20 |       0 |   0.0 |       8 |       0 |   0.0
            +---------+---------+-------+---------+---------+-------
